 Dungeon Crawl Stone Soup version 0.29-a0-233-g1125b37a9b (webtiles) character file.

Game seed: 10345219437910781891

2237 jlumianski the Chopper (level 9, 0/66 HPs)
             Began as a Demonspawn Gladiator on Mar 1, 2022.
             Was a Follower of Wu Jian.
             Slain by an eight-headed hydra (1 damage)
             ... on level 7 of the Dungeon.
             The game lasted 00:28:36 (8394 turns).

jlumianski the Chopper (Demonspawn Gladiator)       Turns: 8394, Time: 00:28:37

Health: 0/66       AC: 14    Str: 18    XL:     9   Next: 14%
Magic:  9/9        EV:  6    Int: 11    God:    Wu Jian [*.....]
Gold:   295        SH:  0    Dex: 14    Spells: 8/8 levels left

rFire   . . .      SeeInvis .   a - +0 war axe
rCold   . . .      Faith    .   (no shield)
rNeg    . . .      Spirit   .   v - +0 plate armour
rPois   .          Reflect  .   (helmet restricted)
rElec   .          Harm     .   (no cloak)
rCorr   .          Rampage  .   (no gloves)
Will    .....                   s - +1 pair of boots
Stlth   ..........              (no amulet)
HPRegen 0.21/turn               k - +4 ring of slaying
MPRegen 0.11/turn               (no ring)

@: studying Evocations
A: antennae 1, claws 2, hooves 2, ignite blood 1
a: Renounce Religion


You were on level 7 of the Dungeon.
You worshipped Wu Jian.
Wu Jian was aware of your devotion.
You visited 2 branches of the dungeon, and saw 8 of its levels.

You collected 407 gold pieces.
You spent 112 gold pieces at shops.

Inventory:

Hand Weapons
 a - a +0 war axe (weapon)
 t - a +3 short sword
 G - a +1 dagger of venom
 H - a +1 short sword of speed
Missiles
 d - 4 throwing nets
 e - 3 silver javelins
 j - 23 poisoned darts (quivered)
 q - 2 boomerangs
 r - 185 stones
Armour
 b - a +0 leather armour
 c - a +0 helmet
 p - a +0 scale mail
 s - a +1 pair of boots (worn)
 v - a +0 plate armour (worn)
 w - the +3 leather armour of Dramatic Exits {rElec rC+ Dex-5}
   (You found it on level 3 of the Dungeon)

   Dex:       It affects your dexterity (-5).
   rC:        It protects you from cold.
   rElec:     It insulates you from electricity.
Jewellery
 f - a ring of fire
 k - a +4 ring of slaying (left claw)
Wands
 y - a wand of flame (17)
Scrolls
 g - 2 scrolls of immolation
 h - 2 scrolls of torment
 l - 2 scrolls of blinking
 n - 2 scrolls of enchant weapon
 D - a scroll of teleportation
 E - a scroll of amnesia
Potions
 i - 3 potions of curing
 m - a potion of resistance
 o - a potion of might
 u - a potion of mutation {unknown}
 x - a potion of invisibility {unknown}
 z - a potion of degeneration {unknown}
 A - a potion of cancellation {unknown}
 B - a potion of brilliance {unknown}
 C - a potion of magic
 F - a potion of haste {unknown}


   Skills:
 + Level 4.7 Fighting
 + Level 7.2 Axes
 + Level 3.1 Throwing
 + Level 5.3 Armour
 + Level 3.3 Dodging
 * Level 3.3 Stealth
 * Level 4.7 Evocations


You had 8 spell levels left.
You didn't know any spells.
Your spell library contained the following spells:

 Spells                   Type           Power      Damage    Failure   Level
 Apportation              Tloc           0%         N/A       100%        1
 Beastly Appendage        Tmut           0%         N/A       100%        1
 Wereblood                Tmut           0%         N/A       100%        2
 Conjure Flame            Conj/Fire      0%         6-21      100%        3
 Ignite Poison            Fire/Tmut/Pois 0%         N/A       100%        3
 Lesser Beckoning         Tloc           0%         N/A       100%        3
 Mephitic Cloud           Conj/Pois/Air  0%         N/A       100%        3
 Spider Form              Tmut/Pois      0%         N/A       100%        3
 Leda's Liquefaction      Hex/Erth       0%         N/A       100%        4
 Sticky Flame             Conj/Fire      0%         2d3       100%        4
 Alistair's Intoxication  Tmut/Pois      0%         N/A       100%        5
 Lee's Rapid Deconstruct  Erth           0%         3d5*      100%        5
 Eringya's Noxious Bog    Tmut/Pois      0%         N/A       100%        6
 Statue Form              Tmut/Erth      0%         N/A       100%        6


Dungeon Overview and Level Annotations

Branches:
Dungeon (7/15)             Temple (1/1) D:4

Altars:
Ashenzari
Cheibriados
Dithmenos
Elyvilon
Fedhas
Makhleb
Nemelex Xobeh
Okawaru
Qazlal
Ru
Sif Muna
Trog
Vehumet
Wu Jian
Xom
Yredelemnul
Zin
The Shining One

Shops:
D:2 *!

Annotations:
D:3 2 transporters, 1 runed translucent door, Crazy Yiuf; noodleboyJ's ghost, weakling DrCj
D:6 2 transporters


Innate Abilities, Weirdness & Mutations

You have a pair of small antennae on your head.
You have very sharp fingernails.
You have hoof-like feet.
Your demonic aura sometimes causes spilled blood to erupt in flames.


Message History

Aiming: Throw Flame
Press: ? - help, Shift-Dir - straight line, f/p - eight-headed hydra
Aim: an eight-headed hydra (heavily wounded, 91% to hit)
The puff of flame hits the eight-headed hydra!
The eight-headed hydra is heavily wounded.
Aiming: Throw Flame
Press: ? - help, Shift-Dir - straight line, f/p - eight-headed hydra
Aim: an eight-headed hydra (heavily wounded, 91% to hit)
The puff of flame hits the eight-headed hydra!
The eight-headed hydra is severely wounded.
The eight-headed hydra bites you! The eight-headed hydra bites you.
The eight-headed hydra bites you!
The eight-headed hydra barely misses you. x3
The eight-headed hydra bites you. x2
Aiming: Throw Flame
Press: ? - help, Shift-Dir - straight line, f/p - eight-headed hydra
Aim: an eight-headed hydra (severely wounded, 91% to hit)
The puff of flame hits the eight-headed hydra!
The eight-headed hydra is almost dead.
The eight-headed hydra bites you but does no damage. x3
The eight-headed hydra barely misses you.
The eight-headed hydra bites you but does no damage.
The eight-headed hydra bites you!
The eight-headed hydra bites you but does no damage.
The eight-headed hydra bites you!
Aiming: Throw Flame
Press: ? - help, Shift-Dir - straight line, f/p - eight-headed hydra
Aim: an eight-headed hydra (almost dead, 91% to hit)
The puff of flame hits the eight-headed hydra!
The eight-headed hydra is almost dead.
The eight-headed hydra bites you!
* * * LOW HITPOINT WARNING * * *
The eight-headed hydra bites you but does no damage.
The eight-headed hydra bites you.
* * * LOW HITPOINT WARNING * * *
The eight-headed hydra bites you!
* * * LOW HITPOINT WARNING * * *
The eight-headed hydra bites you but does no damage.
The eight-headed hydra bites you.
You die...

..........#### ##............##
...####......#####..............#
......####.)....##..)............
.......# ####....................
.......## ###..................
........## ####...^...........
.........# ##..#.............
.........## #...###...........
#.........# ##@.## ###.........
##.......## #..D.# ##........
#.....### #......# ##.......
##...## #........# ##...... #####
...........# ##....#
#.............# ##..##
............... #####
............... ...............


You could see an eight-headed hydra.

Vanquished Creatures
  An acid dragon (D:7)
  A sky beast (D:4)
  3 black bears
  3 ogres (D:5)
  3 phantoms (D:5)
  2 centaurs
  A kobold brigand (D:7)
  A bullfrog (D:6)
  2 necrophages
  3 scorpions
  6 killer bees
  A jelly (D:7)
  3 hounds
  An orc priest (D:3)
  2 iguanas (D:5)
  An orc wizard (D:2)
  A hound zombie (D:4)
  2 gnolls (D:7)
  5 adders
  A white imp (D:5)
  An adder zombie (D:4)
  4 dart slugs
  10 orcs
  10 ball pythons
  5 bats
  4 endoplasms
  5 giant cockroaches
  14 goblins
  5 hobgoblins
  8 jackals
  4 quokkas
  16 kobolds
  9 rats
138 creatures vanquished.

Vanquished Creatures (others)
  6 fungi (D:5)
  23 plants (D:5)
29 creatures vanquished.

Grand Total: 167 creatures vanquished

Notes
Turn   | Place    | Note
-------+----------+-------------------------------------------
     0 | D:1      | jlumianski the Demonspawn Gladiator began the quest for the
                  | Orb.
     0 | D:1      | Reached XP level 1. HP: 16/16 MP: 1/1
    22 | D:1      | You fall into a shaft and drop 1 floor!
   299 | D:1      | Reached skill level 3 in Axes
   299 | D:1      | Discovered your monstrous ancestry.
   299 | D:1      | Gained mutation: You have large cloven feet. [demonic
                  | ancestry]
   299 | D:1      | Reached XP level 2. HP: 19/22 MP: 2/2
   912 | D:2      | Gained mutation: You have sharp fingernails. [demonic
                  | ancestry]
   912 | D:2      | Reached XP level 3. HP: 27/27 MP: 3/3
   954 | D:2      | Found Wacwut's General Store.
   973 | D:2      | Bought a scroll of identify for 28 gold pieces
   973 | D:2      | Bought a scroll of identify for 28 gold pieces
   977 | D:2      | Identified a scroll of acquirement
   979 | D:2      | Acquired a manual of Evocations
  1109 | D:2      | Found Xyma's Distillery.
  1216 | D:2      | Reached XP level 4. HP: 27/34 MP: 4/4
  1490 | D:2      | Reached skill level 1 in Armour
  1731 | D:2      | Bought a +0 scale mail for 56 gold pieces
  1805 | D:2      | Reached skill level 4 in Axes
  1939 | D:3      | Found a faded altar of an unknown god.
  2245 | D:3      | Found a blossoming altar of Fedhas.
  2406 | D:3      | Found a transporter.
  2407 | D:3      | Found a transporter.
  2407 | D:3      | Identified the +5 giant club "Eddet" {vorpal, *Slow rC+
                  | Int+2 Dex+3}
  2407 | D:3      | Noticed an ogre
  2407 | D:3      | Noticed noodleboyJ's ghost (weakling DrCj)
  2451 | D:3      | Identified the +3 leather armour of Dramatic Exits {rElec
                  | rC+ Dex-5}
  2506 | D:3      | Found a runed translucent door.
  2507 | D:3      | Noticed Crazy Yiuf
  2768 | D:3      | Gained mutation: You have very sharp fingernails. [demonic
                  | ancestry]
  2768 | D:3      | Reached XP level 5. HP: 33/39 MP: 5/5
  2943 | D:4      | Found a basalt altar of Yredelemnul.
  2997 | D:4      | Found a staircase to the Ecumenical Temple.
  3031 | Temple   | Entered the Ecumenical Temple
  3142 | Temple   | Became a worshipper of the Wu Jian Council
  3393 | D:4      | Gained mutation: You have a pair of small antennae on your
                  | head. [demonic ancestry]
  3393 | D:4      | Reached XP level 6. HP: 28/46 MP: 6/6
  3399 | D:4      | Reached skill level 5 in Axes
  3927 | D:5      | Entered Level 5 of the Dungeon
  4184 | D:5      | Found a bloodstained altar of Trog.
  4499 | D:5      | Noticed a sky beast
  4509 | D:4      | Killed a sky beast
  4645 | D:5      | Reached XP level 7. HP: 43/52 MP: 7/7
  4702 | D:5      | Got the Disquisition on the Traveller and Venom
  4755 | D:5      | Reached * piety under Wu Jian
  4761 | D:5      | Reached skill level 6 in Axes
  5002 | D:5      | Reached skill level 1 in Stealth
  5158 | D:5      | Reached skill level 1 in Evocations
  5334 | D:6      | Gained mutation: Your demonic aura sometimes causes spilled
                  | blood to erupt in flames. [demonic ancestry]
  5334 | D:6      | Reached XP level 8. HP: 35/60 MP: 8/8
  5481 | D:5      | Found a large runed translucent door.
  5482 | D:5      | Found a large runed translucent door.
  6701 | D:5      | Found a burning altar of Makhleb.
  6773 | D:5      | Found a shimmering blue altar of Sif Muna.
  7430 | D:6      | Reached skill level 5 in Armour
  7596 | D:6      | Noticed a troll
  7602 | D:6      | Noticed a two-headed ogre
  7618 | D:6      | Found a stormy altar of Qazlal.
  7619 | D:6      | Found a transporter.
  7629 | D:6      | Found a sparkling altar of Nemelex Xobeh.
  7633 | D:6      | Found a transporter.
  7736 | D:6      | Reached skill level 7 in Axes
  8051 | D:7      | Found an iron altar of Okawaru.
  8068 | D:7      | Gained mutation: You have hoof-like feet. [demonic
                  | ancestry]
  8068 | D:7      | Reached XP level 9. HP: 66/66 MP: 9/9
  8385 | D:7      | Noticed an eight-headed hydra
  8394 | D:7      | HP: 1/66 [eight-headed hydra (7)]
  8394 | D:7      | Slain by an eight-headed hydra

Illustrated notes

Levels and vault maps discovered:
D:1:      dpeg_arrival_shelter, layout_basic, minmay_pentomino_u2
D:2:      layout_basic, serial_shops, nicolae_shop_statue_plus, shop
D:3:      layout_basic, fedhas_altar_1, hellmonk_ecumenical_altar_dog_temple,
          gammafunk_ghost_smash, chequers_serial_rivers_small_3,
          uniq_crazy_yiuf_cottage
D:4:      layout_rooms, lemuel_zombie_altar_yredelemnul,
          minmay_temple_entry_drinking_statues, palyth_stone_intersect,
          corexii_checkpoint_b, minmay_increasing_density
D:5:      layout_basic, mainiacjoe_overflow_alcove_1,
          mainiacjoe_overflow_boulevard, jmf_multi_god_temple2,
          chequers_big_river
D:6:      layout_rooms, gammafunk_temple_overflow_arena
D:7:      black_bear_nest_1, layout_cave_pods,
          nicolae_gozag_cash_rules_everything_around_me,
          okawaru_altar_gauntlet_db, st_stairs_12
Temple:   compressed_dpeg_triangle_lava_temple

Skill      XL: |  1  2  3  4  5  6  7  8 |
---------------+-------------------------+-----
Dodging        | 3 |  3.3
Axes           | 3 4 5 6 7 |  7.2
Armour         | 1 3 4 5 |  5.3
Fighting       | 3 4 |  4.7
Throwing       | 2 3 |  3.1
Stealth        | 1 3 |  3.3
Evocations     | 1 4 |  4.7

Action                   |  1- 3 |  4- 6 |  7- 9 || total
-------------------------+-------+-------+-------++-------
Melee: War axe           |    79 |   138 |   174 ||   391
       Kick              |     8 |     6 |       ||    14
       Punch             |       |       |     2 ||     2
Throw: Stone             |       |     3 |       ||     3
       Dart              |       |    15 |    22 ||    37
Invok: Lunge             |       |     5 |     9 ||    14
       Whirlwind         |       |       |    10 ||    10
Evoke: Wand              |       |       |    11 ||    11
  Use: Scroll            |     7 |     6 |     4 ||    17
       Potion            |       |     2 |     2 ||     4
Armor: Leather armour    |    33 |     4 |       ||    37
       Scale mail        |       |    20 |       ||    20
       Plate armour      |       |    72 |   153 ||   225
Dodge: Dodged            |    59 |    60 |    65 ||   184

Table legend: (Time is in decaauts)
 A = Elapsed time spent in this place.
 B = Non-inter-level travel time spent in this place.
 C = Inter-level travel time spent in this place.
 D = Time resting spent in this place.
 E = Time spent auto-exploring this place.
 F = Levels seen in this place.
 G = Mean time per level.
                   A        B        C        D        E       F      G
               +--------+--------+--------+--------+--------+-----+--------+
         Total |   8514 |   8351 |    163 |   1472 |   4385 |   8 | 1064.2 |
       Dungeon |   8376 |   8213 |    163 |   1472 |   4385 |   7 | 1196.6 |
        Temple |    138 |    138 |      0 |      0 |      0 |   1 |  138.0 |
               +--------+--------+--------+--------+--------+-----+--------+

Top non-repeatable levels by time:
     D:5: 2784 daAuts
     D:4: 1399 daAuts
     D:3: 1145 daAuts
     D:2: 1008 daAuts
     D:1: 798 daAuts
     D:6: 698 daAuts
     D:7: 541 daAuts
  Temple: 138 daAuts
